 Dungeon Crawl Stone Soup version 0.30-a0-1053-gbd8d5ba0ad (webtiles) character file.

Game seed: 11227364548064229909

370 Arzdou the Grave Robber (level 6, -11/41 HPs)
             Began as a Vampire Necromancer on Apr 11, 2023.
             Was an Initiate of Dithmenos.
             Mangled by an ice devil (16 damage)
             ... summoned by Xom
             ... on level 3 of the Dungeon.
             The game lasted 00:10:10 (2932 turns).

Arzdou the Grave Robber (Vampire Necromancer)       Turns: 2932, Time: 00:10:11

Health: -11/41     AC:  3    Str: 11      XL:     6   Next: 42%
Magic:  12/12      EV: 17    Int: 20      God:    Dithmenos [......]
Gold:   289        SH:  0    Dex: 13 (14) Spells: 4/14 levels left

rFire   + + .      SeeInvis +    n - +1 spear "Vuvvueju" {vamp, *Rage rPois rF++ Str+4}
rCold   . . .      Faith    .    (no shield)
rNeg    . . .      Spirit   .    a - +0 robe
rPois   +          Reflect  .    (no helmet)
rElec   .          Rampage  .    k - +0 cloak
rCorr   .          Rage     20%  (no gloves)
Will    .....                    (no boots)
Stlth   ++                       (no amulet)
HPRegen 0.46/turn                m - +5 ring of evasion
MPRegen 0.13/turn                (no ring)

@: healing quickly
A: alive, fangs 3, see invisible, vampiric 2
a: Exsanguinate, Renounce Religion


You were on level 3 of the Dungeon.
You worshipped Dithmenos.
Dithmenos was noncommittal.
You visited 1 branch of the dungeon, and saw 4 of its levels.

You collected 289 gold pieces.

Inventory:

Hand Weapons
 d - a +0 dagger
 n - the +1 spear "Vuvvueju" (weapon) {vamp, *Rage rPois rF++ Str+4}
   (You found it on level 2 of the Dungeon)

   Str:       It affects your strength (+4).
   rF:        It greatly protects you from fire.
   rPois:     It protects you from poison.
   *Rage:     It berserks you when you make melee attacks (+20% chance).
Missiles
 i - 2 throwing nets
Armour
 a - a +0 robe (worn)
 k - a +0 cloak (worn)
Jewellery
 m - a +5 ring of evasion (left hand)
Scrolls
 e - 8 scrolls of identify {unknown}
 g - a scroll of vulnerability {unknown}
 h - 2 scrolls of teleportation {unknown}
 j - 2 scrolls of immolation {unknown}
 r - 2 scrolls of poison
 t - a scroll of fear {unknown}
 u - a scroll of fog {unknown}
Potions
 b - 2 potions of magic
 c - 2 potions of flight {unknown}
 f - 3 potions of attraction {unknown}
 l - a potion of heal wounds {unknown}
 o - a potion of might {unknown}
 p - a potion of brilliance {unknown}
 q - a potion of berserk rage {unknown}
 s - 2 potions of haste {unknown}


   Skills:
 + Level 0.1 Fighting
 + Level 0.7 Polearms
 + Level 2.3 Dodging
 + Level 3.2 Stealth
 + Level 4.5 Spellcasting
 + Level 6.6 Necromancy


You had 4 spell levels left.
You knew the following spells:

 Your Spells              Type           Power      Damage    Failure   Level
a - Necrotise             Necr           100%       1d9       1%          1
b - Vampiric Draining     Necr           31%        2d8       2%          3
c - Sublimation of Blood  Necr           31%        N/A       1%          2
d - Animate Dead          Necr           31%        N/A       8%          4

Your spell library contained the following spells:

 Spells                   Type           Power      Damage    Failure   Level
 Cigotuvi's Dreadful Rot  Necr/Pois/Air  26%        N/A       8%          2
 Ignite Poison            Fire/Tmut/Pois 4%         N/A       36%         3
 Petrify                  Tmut/Erth      4%         N/A       77%         4
 Agony                    Necr           31%        N/A       22%         5
 Freezing Cloud           Conj/Ice/Air   2%         6-21      98%         5
 Irradiate                Conj/Tmut      2%         3d12      98%         5


Dungeon Overview and Level Annotations

Branches:
Dungeon (4/15)
 Temple: D:4-7

Altars:
Dithmenos
Xom


Innate Abilities, Weirdness & Mutations

Your natural rate of healing is accelerated.
You have razor-sharp teeth.
You have supernaturally acute eyesight. (SInv)
You are afflicted with vampirism and can become a bat while bloodless.


Message History

Found 7 stones.
Found an escape hatch in the floor.
There is an escape hatch in the floor here.
You now have 289 gold pieces (gained 10).
e - 8 scrolls labelled GUNINIXELA (gained 1)
There is a stone staircase leading down here.
You see here 3 atropa-tipped darts.
Found a leather armour.
You see here a +0 leather armour.
Found a club. "Time to have some fun!"
Unknown command.
The air fills with toxic fumes!
As you read the scroll labelled WIAW ZIALEM, it crumbles to dust.
It was a scroll of poison.
The white imp hits you. The white imp freezes you.
Casting: Vampiric Draining (dangerous; 2% risk of failure)
Confirm with . or Enter, or press ? or * to list all spells.
You can't see any susceptible monsters within range! (Use Z to cast anyway.)
You hit the ice devil but do no damage. The white imp gestures at you.
The puff of frost hits you! The ice devil barely misses you.
You hit the ice devil but do no damage. The ice devil closely misses you.
You hit the ice devil but do no damage. The ice devil closely misses you.
You hit the ice devil but do no damage. Your bite misses the ice devil.
The quasit bites you. The quasit claws you. The quasit closely misses you.
The ice devil barely misses you. The quasit misses you. The quasit claws you.
You feel clumsy.
The quasit claws you but does no damage.
You hit the ice devil but do no damage.
You bite the ice devil, but do no damage.
The quasit barely misses you. The quasit misses you.
The quasit completely misses you. The ice devil hits you.
The ice devil freezes you!
* * * LOW HITPOINT WARNING * * *
You barely miss the ice devil. The quasit barely misses you. x2
The quasit completely misses you. The ice devil hits you!
* * * LOW HITPOINT WARNING * * *
The ice devil freezes you!
You die...

#.##.#####.#############
#...
#.##.##................#
####
#.......##.####........
#.<#...###.#
##......#.### #..#...#
#.# #§......#...#
#..##.## #.#
#○..).#####.#####
#..##.# #.#
#.......#[.......
#..##.#
#.###5#####.#.#######
#<.##.####.##@45# #...#
#..........#§###5# ##.##
##.##..#####. ... #.#
#.###.# #. .#.##.#
#.###.# ## ##.##.#
#.....# ###.##.# ####..#
#.. #.# #..# #.#
#.###### #..#########.#
#.##...#


You could see an ice devil (summoned), 2 quasits and a white imp (summoned).

Vanquished Creatures
  Sigmund (D:3)
  An orc priest (D:3)
  Terence (D:3)
  Natasha (D:3)
  4 gnolls (D:4)
  3 adders
  3 orcs
  5 ball pythons
  2 bats (D:2)
  5 endoplasms
  3 giant cockroaches (D:2)
  5 goblins
  6 hobgoblins
  A quokka (D:3)
  4 frilled lizards
  4 kobolds
  7 rats
56 creatures vanquished.

Vanquished Creatures (collateral kills)
  A hobgoblin (D:1)
1 creature vanquished.

Grand Total: 57 creatures vanquished

Notes
Turn   | Place    | Note
-------+----------+-------------------------------------------
     0 | D:1      | Arzdou the Vampire Necromancer began the quest for the Orb.
     0 | D:1      | Reached XP level 1. HP: 13/13 MP: 3/3
   319 | D:1      | Reached XP level 2. HP: 19/19 MP: 0/5
   767 | D:1      | Reached skill level 5 in Necromancy
   899 | D:1      | Found a faded altar of an unknown god.
  1039 | D:1      | Prayed at the altar of an unknown god.
  1039 | D:1      | Became a worshipper of Xom of Unknown Intent
  1076 | D:2      | Identified the +1 spear "Vuvvueju" {vamp, *Rage rPois rF++
                  | Str+4}
  1100 | D:2      | Gained mutation: You are afflicted with vampirism and can
                  | become a bat while bloodless. [Vampire growth]
  1100 | D:2      | Reached XP level 3. HP: 24/24 MP: 3/6
  1213 | D:2      | Found a shadowy altar of Dithmenos.
  1225 | D:2      | Fell from the grace of Xom
  1225 | D:2      | Became a worshipper of Dithmenos the Shadowed
  1849 | D:2      | XOM: summons 3 hostile shadow creatures
  2128 | D:3      | Reached XP level 4. HP: 30/30 MP: 6/8
  2173 | D:3      | Noticed Natasha
  2178 | D:3      | Killed Natasha
  2211 | D:3      | Learned a level 3 spell: Vampiric Draining
  2257 | D:3      | Noticed Terence
  2267 | D:3      | Killed Terence
  2419 | D:3      | Noticed Sigmund
  2479 | D:4      | Reached XP level 5. HP: 35/35 MP: 1/10
  2482 | D:4      | Reached skill level 6 in Necromancy
  2599 | D:4      | Noticed an ogre
  2633 | D:3      | Killed Sigmund
  2634 | D:3      | Reached XP level 6. HP: 35/41 MP: 1/12
  2774 | D:3      | Learned a level 2 spell: Sublimation of Blood
  2779 | D:3      | Learned a level 4 spell: Animate Dead
  2923 | D:3      | XOM: summons 4 hostile demons
  2924 | D:3      | Noticed an ice devil
  2932 | D:3      | Mangled by an ice devil

Illustrated notes

Levels and vault maps discovered:
D:1:      lordsloth_arrival_two_stooges, layout_basic,
          hellmonk_ecumenical_altar_heavens_door
D:2:      layout_basic, basic_altar
D:3:      layout_loops_ring, tso_metal_star, small_statue_alley_b, uniq_natasha,
          uniq_sigmund, uniq_terence
D:4:      layout_basic, minitemple, mainiacjoe_overflow_small_starburst,
          gammafunk_ghost_grave

Skill      XL: |  1  2  3  4  5 |
---------------+----------------+-----
Necromancy     | 5 6 |  6.6
Spellcasting   | 3 4 |  4.5
Fighting       | |  0.1
Polearms       | |  0.7
Dodging        | |  2.3
Stealth        | |  3.2

Action                     |  1- 3 |  4- 6 || total
---------------------------+-------+-------++-------
  Melee: Dagger            |    16 |       ||    16
         Spear             |    15 |    25 ||    40
         Bite              |     2 |     3 ||     5
         Punch             |       |     1 ||     1
   Cast: Necrotise         |    61 |    32 ||    93
         Vampiric Draining |       |     3 ||     3
Ability: Exsanguinate      |     1 |       ||     1
    Use: Scroll            |       |     1 ||     1
   Stab: Distracted        |       |     1 ||     1
 Armour: Robe              |     6 |     2 ||     8
  Dodge: Dodged            |    46 |    37 ||    83

Table legend: (Time is in decaauts)
 A = Elapsed time spent in this place.
 B = Non-inter-level travel time spent in this place.
 C = Inter-level travel time spent in this place.
 D = Time resting spent in this place.
 E = Time spent auto-exploring this place.
 F = Levels seen in this place.
 G = Mean time per level.
                   A        B        C        D        E       F      G
               +--------+--------+--------+--------+--------+-----+--------+
         Total |   2979 |   2951 |     28 |      0 |   2473 |   4 |  744.8 |
       Dungeon |   2979 |   2951 |     28 |      0 |   2473 |   4 |  744.8 |
               +--------+--------+--------+--------+--------+-----+--------+

Top non-repeatable levels by time:
     D:1: 1043 daAuts
     D:2: 876 daAuts
     D:3: 858 daAuts
     D:4: 201 daAuts
